 Dungeon Crawl Stone Soup version 0.21.0-3-g78d12a8bdd (webtiles) character file.

10747 GuyWithAPlan the Basher (level 11, -1/89 HPs)
             Began as a Formicid Fighter on Jan 14, 2018.
             Was a Priest of Cheibriados.
             Killed from afar by an electric eel (12 damage)
             ... with a bolt of electricity
             ... on level 11 of the Dungeon.
             The game lasted 00:29:25 (10835 turns).

GuyWithAPlan the Basher (Formicid Fighter)         Turns: 10835, Time: 00:29:25

Health: -1/89      AC: 17    Str: 39    XL:     11   Next: 98%
Magic:  11/11      EV: 10    Int: 14    God:    Cheibriados [***...]
Gold:   607        SH: 13    Dex: 16    Spells: 10/10 levels left

rFire    . . .     SeeInvis +   x - +10 mace of Makhleb's Regard {distort, SInv}
rCold    . . .     Gourm    .   c - +0 shield
rNeg     . . .     Faith    .   D - +3 plate armour
rPois    .         Spirit   .   (helmet unavailable)
rElec    .         Reflect  .   S - +0 cloak
rCorr    .         Harm     +   (no gloves)
MR       +....                  (no boots)
Stlth    ..........             h - amulet of harm
HPRegen  0.24/turn              u - +6 ring of strength
MPRegen  0.12/turn              U - +3 ring of strength

@: very slow
A: permanent stasis, dig shafts and tunnels, four strong arms, antennae 3
a: Dig, Shaft Self, Bend Time, Temporal Distortion, Renounce Religion


You were on level 11 of the Dungeon.
You worshipped Cheibriados.
Cheibriados was most pleased with you.
You were not hungry.

You visited 2 branches of the dungeon, and saw 12 of its levels.

You collected 607 gold pieces.

Inventory:

Hand Weapons
 a - a +0 war axe
 x - the +10 mace of Makhleb's Regard (weapon) {distort, SInv}
   (You found it on level 4 of the Dungeon)

   It warps and distorts space around it.
   Unwielding it can cause banishment or high damage.
   It lets you see invisible.
 C - a +0 dire flail of protection
Armour
 b - a +0 scale mail
 c - a +0 shield (worn)
 w - a +2 ring mail of poison resistance
 D - a +3 plate armour (worn)
 Q - the cursed +0 robe of Midwinter {*Slow Regen+ rCorr Int+4, unknown}
   (You found it on level 9 of the Dungeon)

   It affects your intelligence (+4).
   It increases your rate of regeneration.
   It protects you from acid and corrosion.
   It may slow you when you take damage.
   It has a curse placed upon it.
 S - a +0 cloak (worn)
Jewellery
 e - an uncursed ring of wizardry
 h - an amulet of harm (around neck)
 l - an uncursed ring of ice
 p - a -3 ring of strength
 u - a +6 ring of strength (left hand)
 z - an uncursed ring of fire
 J - an uncursed ring of protection from cold
 L - an uncursed ring of resist corrosion
 T - a +4 ring of dexterity
 U - a +3 ring of strength (right hand)
Wands
 r - a wand of acid (14)
 y - a wand of enslavement (37)
 G - a wand of disintegration (23)
 R - a wand of paralysis (22)
 W - a wand of polymorph (14)
Scrolls
 i - 2 scrolls of enchant armour
 k - 2 scrolls of remove curse
 n - 4 scrolls of teleportation
 o - 2 scrolls of blinking
 q - 7 scrolls of fog
 v - 4 scrolls of enchant weapon
 A - a scroll of random uselessness
 B - a scroll of immolation {unknown}
 H - a scroll of magic mapping {unknown}
 M - a scroll of amnesia {unknown}
 N - a scroll of noise {unknown}
Potions
 d - 3 potions of might
 g - a potion of agility
 j - 5 potions of curing
 m - 2 potions of flight
 s - 2 potions of haste
 t - a potion of berserk rage
 F - 2 potions of brilliance {unknown}
 I - a potion of cancellation {unknown}
 K - 2 potions of mutation {unknown}
 O - a potion of degeneration {unknown}
 V - a potion of invisibility {unknown}
Books
 P - a book of Frost

   Spells                             Type                      Level
   a - Freeze                         Ice                          1
   b - Throw Frost                    Conjuration/Ice              2
   c - Ozocubu's Armour               Charms/Ice                   3
   d - Throw Icicle                   Conjuration/Ice              4
   e - Summon Ice Beast               Ice/Summoning                4
Comestibles
 f - 34 rations


   Skills:
 * Level 9.1 Fighting
 - Level 4.3(9.3) Axes
 * Level 12.4(12.7) Maces & Flails
 + Level 7.8 Armour
 + Level 2.2 Dodging
 + Level 2.2 Stealth
 + Level 8.4 Shields


You had 10 spell levels left.
You didn't know any spells.

Dungeon Overview and Level Annotations

Branches:
Dungeon (11/15)            Temple (1/1) D:7            Lair (0/6) D:11
    Orc: D:9-12

Altars:
Ashenzari
Cheibriados
Dithmenos
Elyvilon
Fedhas
Gozag
Hepliaklqana
Kikubaaqudgha
Makhleb
Nemelex Xobeh
Okawaru
Qazlal
Ru
Sif Muna
Trog
Uskayaw
Vehumet
Wu Jian
Xom
Yredelemnul
Zin
The Shining One

Shops:
D:2 *   D:11 (

Annotations:
D:5 dangdung's ghost, novice HOFi
Abyss:1 Joseph


Innate Abilities, Weirdness & Mutations

You cannot be hasted, slowed, berserked, paralysed or teleported.
You can dig through walls and to a lower floor.
Your four strong arms can wield two-handed weapons with a shield.
You have a pair of large antennae on your head. (SInv)


Message History

The bolt of electricity misses you.
The electric eel shoots out a bolt of lightning at you!
The bolt of electricity hits you!
* * * LOW HITPOINT WARNING * * *
The electric eel shoots out a bolt of lightning at you!
The bolt of electricity hits you!
* * * LOW HITPOINT WARNING * * *
The electric eel shoots out a bolt of lightning at you!
The bolt of electricity hits you!
* * * LOW HITPOINT WARNING * * *
You feel much better.
The electric eel shoots out a bolt of lightning at you!
The bolt of electricity hits you!
* * * LOW HITPOINT WARNING * * *
The electric eel shoots out a bolt of lightning at you!
The bolt of electricity hits you!
* * * LOW HITPOINT WARNING * * *
The electric eel shoots out a bolt of lightning at you!
The bolt of electricity hits you!
You die...

.#.#..##########.## .#.#..#
#.# ##.#..# #.# )..##########
#.# # #...........####.# ###.
#................# ...
#............##########.#####
...>....##..)####............
........##..)).÷@...≈...≈....
........########.....≈..≈≈≈.≈
........# #.....≈≈≈≈≈≈≈≈
######### #...≈.≈≈≈≈≈..≈
#.....≈≈≈..≈.. #...≈≈.;≈≈....
#....≈≈;≈..>.. #...≈.≈≈≈≈....
#..[.≈≈≈≈.≈≈≈≈


You could see 2 electric eels.

Vanquished Creatures
  2 two-headed ogres (D:10)
  An unseen horror (D:10)
  2 trolls
  A queen bee (D:8)
  A hornet (D:8)
  A hippogriff (D:7)
  A water elemental (D:11)
  A wraith (D:11)
  5 yaks (D:9)
  A hungry ghost (D:8)
  A water moccasin (D:7)
  3 sky beasts
  3 orc warriors
  2 ice beasts
  7 ogres
  A necrophage (D:11)
  2 wolves (D:11)
  2 crocodiles
  A big kobold (D:8)
  3 bullfrogs
  6 scorpions
  The ghost of bolko the Poker, a weakling CeAK of Lugonu (D:4)
  19 killer bees
  8 wights
  6 howler monkeys
  3 crimson imps
  A bullfrog skeleton (D:10)
  A centaur zombie (D:11)
  A bullfrog zombie (D:11)
  8 hounds
  5 jellies
  5 orc priests
  2 orc wizards
  5 iguanas
  5 worker ants
  A killer bee zombie (D:10)
  A worker ant zombie (D:9)
  2 howler monkey zombies
  8 gnolls
  10 adders
  3 shadow imps
  An ooze (D:4)
  An adder skeleton (D:8)
  A dart slug (D:2)
  6 leopard geckos
  20 orcs
  5 giant cockroaches
  7 hobgoblins
  2 jackals (D:2)
  26 kobolds
  6 quokkas
  2 ball pythons (D:3)
  A bat (D:2)
  6 frilled lizards
  15 goblins
  A jackal skeleton (D:4)
  A jackal zombie (D:8)
  A leopard gecko skeleton (D:6)
  A quokka zombie (D:8)
  8 rats
253 creatures vanquished.

Vanquished Creatures (others)
  A hydra (D:11)
  A two-headed ogre (D:8)
  A yak (D:9)
  A water moccasin (D:7)
  A sky beast (D:8)
  A scorpion (D:8)
  A killer bee (D:8)
  A wight (D:8)
  A hound (D:11)
  A centaur skeleton (D:8)
  A worker ant zombie (D:10)
  An adder (D:4)
  A quokka (D:10)
13 creatures vanquished.

Grand Total: 266 creatures vanquished

Notes
Turn   | Place    | Note
-------+----------+-------------------------------------------
     0 | D:1      | GuyWithAPlan the Formicid Fighter began the quest for the Orb.
     0 | D:1      | Reached XP level 1. HP: 18/18 MP: 1/1
   212 | D:1      | Reached XP level 2. HP: 24/24 MP: 2/2
   797 | D:2      | Reached XP level 3. HP: 21/29 MP: 3/3
  1070 | D:2      | Found Zin's Purification Station.
  1087 | D:2      | Found a glowing silver altar of Zin.
  1179 | D:2      | Found a sparkling altar of Nemelex Xobeh.
  1265 | D:2      | Reached XP level 4. HP: 37/37 MP: 4/4
  1426 | D:2      | Found a deep blue altar of Sif Muna.
  1683 | D:3      | Found a faded altar of an unknown god.
  1756 | D:3      | Found a burning altar of Makhleb.
  2164 | D:3      | Found a basalt altar of Yredelemnul.
  2214 | D:3      | Reached XP level 5. HP: 38/42 MP: 5/5
  2493 | D:3      | Noticed a profane servitor
  2534 | D:3      | Found a glowing golden altar of the Shining One.
  2938 | D:3      | Noticed an angel
  3005 | D:4      | Reached XP level 6. HP: 48/48 MP: 6/6
  3191 | D:4      | Reached skill level 5 in Shields
  3467 | D:4      | Found a white marble altar of Elyvilon.
  3468 | D:4      | Noticed bolko's ghost (weakling CeAK)
  3480 | D:4      | Killed bolko's ghost
  3480 | D:4      | Reached skill level 1 in Dodging
  3623 | D:4      | Got a crystal mace
  3652 | D:4      | Identified the +10 mace of Makhleb's Regard {distort, SInv} (You found it on level 4 of the Dungeon)
  3659 | D:4      | Reached XP level 7. HP: 53/54 MP: 7/7
  3903 | D:4      | Reached skill level 1 in Maces & Flails
  4168 | D:4      | Reached skill level 2 in Maces & Flails
  4242 | D:5      | Entered Level 5 of the Dungeon
  4312 | D:5      | Reached skill level 3 in Maces & Flails
  4334 | D:5      | Noticed dangdung's ghost (novice HOFi)
  4411 | D:5      | Found a hide-covered altar of Uskayaw.
  4413 | D:5      | Found a sacrificial altar of Ru.
  4471 | D:5      | Reached XP level 8. HP: 57/61 MP: 8/8
  4951 | D:6      | Reached skill level 4 in Maces & Flails
  4990 | D:6      | Reached skill level 1 in Stealth
  5011 | D:6      | Reached skill level 5 in Maces & Flails
  5259 | D:6      | Found a shattered altar of Ashenzari.
  5288 | D:6      | Reached skill level 6 in Maces & Flails
  6124 | D:7      | Found a blossoming altar of Fedhas.
  6127 | D:7      | Reached XP level 9. HP: 64/67 MP: 9/9
  6129 | D:7      | Reached skill level 5 in Fighting
  6130 | D:7      | Reached skill level 7 in Maces & Flails
  6133 | D:7      | Reached skill level 5 in Armour
  6175 | D:7      | You fall through a shaft!
  6249 | D:7      | Found a staircase to the Ecumenical Temple.
  6278 | Temple   | Entered the Ecumenical Temple
  6616 | D:7      | Reached skill level 8 in Maces & Flails
  6724 | D:7      | Noticed a hippogriff
  6731 | D:7      | Killed a hippogriff
  6898 | D:8      | Noticed a hornet
  6941 | D:8      | Reached XP level 10. HP: 65/77 MP: 10/10
  6949 | D:8      | Reached skill level 9 in Maces & Flails
  7143 | D:8      | Reached skill level 10 in Maces & Flails
  7373 | D:8      | Noticed a two-headed ogre
  7377 | D:8      | Banished a two-headed ogre
  7406 | D:8      | Found a snail-covered altar of Cheibriados.
  7432 | D:8      | Became a worshipper of Cheibriados the Contemplative
  7526 | D:8      | Found a shadowy altar of Dithmenos.
  7562 | D:8      | Noticed Joseph
  7571 | D:8      | Banished Joseph
  8451 | D:9      | Reached * piety under Cheibriados
  8454 | D:9      | Reached XP level 11. HP: 67/85 MP: 11/11
  8505 | D:9      | Found an opulent altar of Gozag.
  8505 | D:9      | Found a sparkling altar of Nemelex Xobeh.
  8655 | D:9      | Reached skill level 11 in Maces & Flails
  8990 | D:9      | Got a steaming robe
  9235 | D:10     | Entered Level 10 of the Dungeon
  9314 | D:10     | Noticed a two-headed ogre
  9322 | D:10     | Killed a two-headed ogre
  9479 | D:10     | Found a white marble altar of Elyvilon.
  9646 | D:10     | Reached ** piety under Cheibriados
  9666 | D:10     | Noticed a two-headed ogre
  9672 | D:10     | Killed a two-headed ogre
  9800 | D:10     | Noticed an unseen horror
  9803 | D:10     | Killed an unseen horror
  9803 | D:10     | Reached skill level 12 in Maces & Flails
 10355 | D:11     | Found Jasashri's Antique Weapon Shop.
 10478 | D:11     | Noticed a seven-headed hydra
 10484 | D:11     | Banished a seven-headed hydra
 10671 | D:11     | Reached *** piety under Cheibriados
 10819 | D:11     | Found a staircase to the Lair.
 10833 | D:11     | HP: 4/89 [electric eel/bolt of electricity (9)]
 10835 | D:11     | Killed from afar by an electric eel

Skill      XL: |  1  2  3  4  5  6  7  8  9 10 11 |
---------------+----------------------------------+-----
Shields        | 4 5 6 7 8 |  8.4
Axes           | 3 4 |  4.3
Armour         | 4 5 6 7 |  7.8
Fighting       | 4 6 7 9 |  9.1
Dodging        | 1 2 |  2.2
Maces & Flails | 3 6 8 10 12 | 12.4
Stealth        | 1 2 |  2.2

Action                   |  1- 3 |  4- 6 |  7- 9 | 10-12 || total
-------------------------+-------+-------+-------+-------++-------
Melee: War axe           |   111 |   199 |       |       ||   310
       Mace              |       |     2 |   210 |   259 ||   471
  Use: Scroll            |       |     4 |     5 |     5 ||    14
       Potion            |       |     1 |     1 |     1 ||     3
  Eat: Chunk             |     1 |     8 |    11 |     6 ||    26
       Ration            |       |       |       |     1 ||     1
Armor: Scale mail        |    50 |    67 |       |       ||   117
       Ring mail         |       |     6 |    28 |       ||    34
       Plate armour      |       |       |    37 |    89 ||   126
Dodge: Dodged            |    42 |    59 |    51 |    76 ||   228
Block: Shield            |    58 |   117 |    80 |   122 ||   377
